 Dungeon Crawl Stone Soup version 0.30-a0-359-gd0147acb1a (webtiles) character file.

Game seed: 2784362380031163142

1 mcwallace the Firebug (level 1, -2/10 HPs)
             Began as a Tengu Fire Elementalist on Nov 12, 2022.
             Slain by a ball python (3 damage)
             ... on level 1 of the Dungeon.
             The game lasted 00:00:39 (50 turns).

mcwallace the Firebug (Tengu Fire Elementalist)       Turns: 50, Time: 00:00:39

Health: -2/10      AC:  2    Str:  8    XL:     1   Next: 20%
Magic:  4/4        EV: 12    Int: 15    God:
Gold:   0          SH:  0    Dex: 14    Spells: 3/4 levels left

rFire   . . .      SeeInvis .    (no weapon)
rCold   . . .      Faith    .    (no shield)
rNeg    . . .      Spirit   .    a - +0 robe
rPois   .          Reflect  .    (helmet restricted)
rElec   .          Harm     .    (no cloak)
rCorr   .          Rampage  .    (no gloves)
Will    .....                    (boots unavailable)
Stlth   ++........               (no amulet)
HPRegen 0.21/turn                (no ring)
MPRegen 0.09/turn                (no ring)

@: no status effects
A: beak, talons 3
a: no special abilities


You were on level 1 of the Dungeon.
You visited 1 branch of the dungeon, and saw 1 of its levels.


Innate Abilities, Weirdness & Mutations

You have a beak for a mouth.
You have claws for feet.


   Skills:
 + Level 0.0 Fighting
 + Level 2.2 Dodging
 - Level 2.0 Stealth
 + Level 2.0 Spellcasting
 + Level 1.4 Conjurations
 + Level 3.3 Fire Magic


You had 3 spell levels left.
You knew the following spells:

 Your Spells              Type           Power      Damage    Failure   Level
a - Foxfire               Conj/Fire      32%        2x1d5     9%          1

Your spell library contained the following spells:

 Spells                   Type           Power      Damage    Failure   Level
 Scorch                   Fire           22%        2d6       9%          2
 Inner Flame              Hex/Fire       6%         N/A       34%         3
 Kindle Blastsparks       Fire/Tloc/Air  8%         2d10      38%         3
 Flame Wave               Conj/Fire      8%         2d5       63%         4

Inventory:

Armour
 a - a +0 robe (worn)

Dungeon Overview and Level Annotations

Branches:
Dungeon (1/15) Zot: 5949

Altars:

Shops:
D:1

( . ..# .. ############
#.#..S.ยง..........#
#...hh@...........
####.#####+#####.#
#r#PPP#.#PPP#.# #B#PโŒ
P#.#PโŒ P#.#
#.#PPP#.#PPP#.#
#..####B#####.#####.####
#....h.+....<....'....###
#..###.#####.#####.##....
# #.#PPP#.#PPP#.##.###


You could see a quokka, 2 jackals, a giant cockroach and a ball python.


Message History

Options error: Bad monster_list_colour key: strict_neutral (~/.crawlrc:4785) Bad channel name for runrest: 'pray:' โœ… Successfully initialized magus.rc [v1.9.6] Welcome, mcwallace the Tengu Fire Elementalist.
You feel drawn to the Orb of Zot, downwards into the unfathomable depths...
Press ? for a list of commands and other information.
Found a staircase leading out of the dungeon.
You aren't carrying any scrolls.
Unknown command.
You open the door.
There is an open door here.
Found Filivvoc's Antique Weapon Emporium.
A hobgoblin and a jackal come into view.
Casting: Foxfire (safe; 9% risk of failure)
Press: ? - help, Q - select action Dir - look around, f - activate You conjure some foxfire! ๐Ÿ˜Ž MP[-1]
You lost 1 mp, and now have 3/4 mp.
Casting: Foxfire (safe; 9% risk of failure)
Press: ? - help, Q - select action Dir - look around, f - activate You conjure some foxfire! ๐Ÿ˜Ž MP[-1]
You lost 1 mp, and now have 2/4 mp.
Casting: Foxfire (safe; 9% risk of failure)
Press: ? - help, Q - select action Dir - look around, f - activate You conjure some foxfire! ๐Ÿ˜Ž MP[-1]
You lost 1 mp, and now have 1/4 mp.
Unknown command.
Casting: Foxfire (safe; 9% risk of failure)
Press: ? - help, Q - select action Dir - look around, f - activate You conjure some foxfire!
The jackal barks!
The hobgoblin shouts!
The foxfire hits the hobgoblin. x2
You kill the hobgoblin!
Unknown command.
You don't have enough magic to cast this spell. ๐Ÿ˜Ž MP[-1]
You lost 1 mp, and now have 0/4 mp.
Unknown command.
Unknown command.
The foxfire hits the jackal.
A jackal comes into view.
The foxfire hits the jackal.
You don't have enough magic to cast this spell. ๐Ÿ˜Ž MP[+1]
A quokka comes into view.
Casting: Foxfire (safe; 9% risk of failure)
Press: ? - help, Q - select action Dir - look around, f - activate You miscast Foxfire.
You are very lightly contaminated with residual magic.
Nothing appears to happen. ๐Ÿ˜Ž MP[-1]
You lost 1 mp, and now have 0/4 mp.
You hit the jackal. The jackal closely misses you.
The jackal barely misses you.
The quokka twitches its whiskers. ๐Ÿ˜Ž MP[+1]
A jackal comes into view.
Your magical contamination has completely faded away.
A giant cockroach comes into view.
The jackal bites you. ๐Ÿ˜ฎ HP[-3]
You take 3 damage, and now have 7/10 hp.
MASSIVE DAMAGE!! (PAUSE)
The jackal attacks as you move away! The jackal bites you.
* * * LOW HITPOINT WARNING * * *
๐Ÿ˜จ HP[-2]
You take 2 damage, and now have 5/10 hp.
The jackal attacks as you move away! The jackal bites you.
* * * LOW HITPOINT WARNING * * *
๐Ÿ˜จ HP[-1]
You take 1 damage, and now have 4/10 hp.
The jackal attacks as you move away!
The jackal bites you but does no damage.
The jackal misses you. The jackal attacks as you move away!
The jackal bites you but does no damage.
The jackal attacks as you move away! The jackal bites you.
* * * LOW HITPOINT WARNING * * *
The jackal barely misses you. ๐Ÿ˜ฑ HP[-2]
You take 2 damage, and now have 2/10 hp.
A ball python comes into view.
The jackal barks!
The ball python hisses angrily. ๐Ÿ˜ฑ MP[+1] ๐Ÿ˜จ HP[+1]
The jackal barely misses you.
Casting: Foxfire (safe; 9% risk of failure)
Press: ? - help, Q - select action Dir - look around, f - activate You can't see that place.
You conjure some foxfire!
The jackal barely misses you. ๐Ÿ˜จ MP[-1]
You lost 1 mp, and now have 1/4 mp.
Magic courses through your body.
The foxfire hits the jackal. x2
The jackal bites you.
* * * LOW HITPOINT WARNING * * *
The ball python bites you.
You die...

Action                   || total
-------------------------++-------
Melee: Unarmed           ||     1
 Cast: Foxfire           ||     5
  Use: Potion            ||     1
Armor: Robe              ||     2
Dodge: Dodged            ||     6

Levels and vault maps discovered:
D:1:      beargit_arrival_greenhouse, layout_basic, serial_shops,
          nicolae_shop_temple_entry_statues_fountains, minmay_bisected

Notes
Turn   | Place    | Note
-------+----------+-------------------------------------------
     0 | D:1      | mcwallace the Tengu Fire Elementalist began the quest for
                  | the Orb.
     0 | D:1      | Reached XP level 1. HP: 10/10 MP: 4/4
     0 | D:1      | magus.rc [v1.9.6]
    11 | D:1      | Found Filivvoc's Antique Weapon Emporium.
    45 | D:1      | HP: 2/10 [jackal (2)]
    50 | D:1      | HP: 1/10 [jackal (2)]
    50 | D:1      | Slain by a ball python

Vanquished Creatures
  A hobgoblin (D:1)
1 creature vanquished.

Vanquished Creatures (others)
  7 foxfires (D:1)
7 creatures vanquished.

Grand Total: 8 creatures vanquished

Table legend:
 A = Non-vault XP
 B = Vault XP
 C = Vault XP percentage of total XP
 D = Non-vault monster count
 E = Vault monster count
 F = Vault count percentage of total count
                 A         B        C        D         E       F
            +---------+---------+-------+---------+---------+-------
      Total |       2 |       0 |   0.0 |       1 |       0 |   0.0
            +---------+---------+-------+---------+---------+-------
        D:1 |       2 |       0 |   0.0 |       1 |       0 |   0.0
            +---------+---------+-------+---------+---------+-------

Illustrated notes

Table legend:
 A = Kills in this place as a percentage of kills in entire the game.
 B = Kills by you in this place as a percentage of kills by you in the entire game.
 C = Kills by friends in this place as a percentage of kills by friends in the entire game.
 D = Other kills in this place as a percentage of other kills in the entire game.
 E = Experience gained in this place as a percentage of experience gained in the entire game.
 F = Experience gained in this place divided by the number of levels of this place that you have seen.
                   A       B       C       D       E      F
               +-------+-------+-------+-------+-------+----------------------
         Total | 100.0 | 100.0 |   N/A |   N/A | 100.0 |   2.0
       Dungeon | 100.0 | 100.0 |   N/A |   N/A | 100.0 |   2.0
               +-------+-------+-------+-------+-------+----------------------

Table legend: (Time is in decaauts)
 A = Elapsed time spent in this place.
 B = Non-inter-level travel time spent in this place.
 C = Inter-level travel time spent in this place.
 D = Time resting spent in this place.
 E = Time spent auto-exploring this place.
 F = Levels seen in this place.
 G = Mean time per level.
                   A        B        C        D        E       F      G
               +--------+--------+--------+--------+--------+-----+--------+
         Total |     50 |     50 |      0 |      0 |     11 |   1 |   50.0 |
       Dungeon |     50 |     50 |      0 |      0 |     11 |   1 |   50.0 |
               +--------+--------+--------+--------+--------+-----+--------+

Top non-repeatable levels by time:
     D:1: 50 daAuts
